cohdb
Replays
Latest Replays
All Replays
Popular Replays
Top Player Replays
Match Explorer
How It Works
Community
CoH3 Stats
Reddit
Sign in to upload your games and track your stats! →
Sign in with Steam
Match 38204425
Unlisted
Match 38204425
Overview
Messages
Build Orders
End
Selects Airborne Battlegroup
Selects Heavy Machine Gun Paradrop
Construct Barracks
Riflemen Squad
Riflemen Squad
Grenade Package
Heavy Machine Gun Paradrop
Selects Paratrooper Squad Paradrop
Paratrooper Squad Paradrop
Mechanized Support Center
Paratrooper Squad Paradrop
Construct Tank Depot
M4A1 Sherman Medium Tank
Selects Anti-tank Gun Team Paradrop
Heavy Machine Gun Paradrop
MrMisrulent
MC
Thrasher
BigTiddyLebron
0
0
Comments
sign in to comment!
No comments posted yet!